 Dungeon Crawl Stone Soup version 0.22-a0-833-g8522bf8125 (webtiles) character file.

105 Htamos the Covered (level 4, -2/38 HPs)
             Began as a Demigod Fighter on July 25, 2018.
             Killed from afar by a white imp (9 damage)
             ... with a puff of frost
             ... summoned by Natasha
             ... on level 2 of the Dungeon.
             The game lasted 00:02:06 (2152 turns).

Htamos the Covered (Demigod Fighter)                Turns: 2152, Time: 00:02:06

Health: -2/38      AC:  6    Str: 19    XL:     4   Next: 29%
Magic:  6/6        EV:  8    Int: 12    God:
Gold:   123        SH:  9    Dex: 17    Spells: 3/3 levels left

rFire    . . .     SeeInvis .   a - +0 war axe
rCold    . . .     Gourm    .   c - +0 shield
rNeg     . . .     Faith    .   b - +0 scale mail
rPois    .         Spirit   .   (no helmet)
rElec    .         Reflect  .   (no cloak)
rCorr    .         Harm     .   (no gloves)
MR       .....                  (no boots)
Stlth    ..........             (no amulet)
HPRegen  0.12/turn              (no ring)
MPRegen  0.10/turn              (no ring)

@: slowed, very slow
A: high mp 1
a: no special abilities


You were on level 2 of the Dungeon.
You were not hungry.

You visited 1 branch of the dungeon, and saw 2 of its levels.

You collected 123 gold pieces.

Inventory:

Hand Weapons
 a - a +0 war axe (weapon)
Armour
 b - a +0 scale mail (worn)
 c - a +0 shield (worn)
Scrolls
 e - a scroll of amnesia {unknown}
 h - 5 scrolls of identify {unknown}
 i - a scroll of remove curse {unknown}
 j - 2 scrolls of blinking {unknown}
 l - a scroll of enchant armour {unknown}
Potions
 d - 2 potions of might
 g - a potion of berserk rage {unknown}
 k - a potion of cancellation {unknown}
 m - a potion of flight {unknown}
 n - 2 potions of lignification {unknown}
Comestibles
 f - 4 rations


   Skills:
 + Level 3.2 Fighting
 + Level 2.5 Axes
 + Level 3.2 Armour
 * Level 2.0 Dodging
 - Level 2.8 Shields


You had 3 spell levels left.
You didn't know any spells.
Your spell library was empty.

Dungeon Overview and Level Annotations

Branches:
Dungeon (2/15)

Annotations:
D:2 Natasha


Innate Abilities, Weirdness & Mutations

You have an increased reservoir of magic. (+10% MP)


Message History

The shadow imp misses you.
Natasha casts a spell.
You barely miss Natasha.
Natasha is severely wounded.
You hit the white imp but do no damage. You slash the shadow imp!
You block the white imp's attack. You block the shadow imp's attack.
Natasha claws you.
* * * LOW HITPOINT WARNING * * *
The white imp barely misses you. The shadow imp closely misses you.
You block Natasha's attack.
The white imp hits you but does no damage.
You closely miss Natasha.
Natasha is severely wounded.
You hit the white imp.
Your shield and scale mail prevent you from hitting the white imp.
You hit the shadow imp.
You kill the shadow imp!
The white imp gestures at you. The puff of frost hits you!
You die...

..........##'##########.#.#######
..............# #....##
....รท)........# ##### #.....#
..............# #...###.....###
#####........####.............#
..............................#
..............................#
....................(.........#
.....####.......@h............#
................55.#..........#
.....####......[...####.####'##
###### ########......#.# #.#
######.####.#.# #.#
#.........#.#.# #.####
#.####.#.##.#.# #.#...
#....#.#.##.#.# #.#.##
####.#.#.##.#.# #.#.#.


You could see Natasha and 2 white imps.

Vanquished Creatures
  Natasha (D:2)
  2 adders (D:2)
  3 dart slugs (D:1)
  A leopard gecko (D:1)
  A giant cockroach (D:1)
  12 goblins
  6 hobgoblins
  A jackal (D:2)
  8 kobolds
  10 bats
  4 frilled lizards
  5 rats
54 creatures vanquished.

Notes
Turn   | Place    | Note
-------+----------+-------------------------------------------
     0 | D:1      | Htamos the Demigod Fighter began the quest for the Orb.
     0 | D:1      | Reached XP level 1. HP: 18/18 MP: 3/3
   189 | D:1      | Reached XP level 2. HP: 20/25 MP: 4/4
   595 | D:1      | Reached skill level 1 in Dodging
   771 | D:1      | Reached XP level 3. HP: 30/31 MP: 5/5
  1590 | D:2      | Noticed Natasha
  1595 | D:2      | Killed Natasha
  1595 | D:2      | Reached XP level 4. HP: 33/38 MP: 6/6
  2141 | D:2      | Noticed Natasha
  2152 | D:2      | Killed from afar by a white imp

Vault maps used:
D:1:      dpeg_arrival_tiny_a
D:2:      minmay_three_crescents, uniq_natasha

Skill      XL: |  1  2  3 |
---------------+----------+-----
Axes           | 2 |  2.5
Dodging        | 1 2 |  2.0
Armour         | 3 |  3.2
Fighting       | 3 |  3.2
Shields        | |  2.8

Action                   |  1- 3 |  4- 6 || total
-------------------------+-------+-------++-------
Melee: War axe           |   174 |    17 ||   191
  Eat: Chunk             |     3 |     1 ||     4
Armor: Scale mail        |    92 |    11 ||   103
Dodge: Dodged            |    77 |    10 ||    87
Block: Shield            |   130 |    16 ||   146

Table legend:
 A = Spawn XP
 B = Non-spawn XP
 C = Spawn XP percentage of total XP
 D = Spawn monster count
 E = Non-spawn monster count
 F = Spawn count percentage of total count
 G = Total turns spent on level
                    A         B        C        D         E        F      G
               +---------+---------+-------+---------+---------+-------+---------
         Total |       0 |     151 |   0.0 |       0 |      54 |   0.0 |  2152
               +---------+---------+-------+---------+---------+-------+---------
           D:1 |       0 |      54 |   0.0 |       0 |      29 |   0.0 |  1059
           D:2 |       0 |      97 |   0.0 |       0 |      25 |   0.0 |  1093
               +---------+---------+-------+---------+---------+-------+---------
